St.Louis Blues vs Philadelphia Flyers
(R1)
Created - Wednesday, June 14, 2023 at 07:11
Goals
|
| St.Louis Blues |
1 |
0 |
1 |
1 |
3 |
| Philadelphia Flyers |
0 |
1 |
1 |
0 |
2 |
|
Shots
|
| St.Louis Blues |
14 |
9 |
11 |
1 |
35 |
| Philadelphia Flyers |
17 |
7 |
11 |
1 |
36 |
|
1st period
1. St.Louis Blues , Jack Eichel 18 (Evander Kane 25, Andrew Copp 21) at 12:16
Penalties :
Ben Chiarot (PHI) for Roughing (Double Minor) at 3:56
2nd period
2. Philadelphia Flyers , Tyler Bertuzzi 39 (Elias Lindholm 55) at 16:29
Penalties :
Oliver Ekman-Larsson (PHI) for Interference (Minor) at 0:11, Ben Chiarot (PHI) for Hooking (Minor) at 12:43, Adam Pelech (STL) for Holding (Minor) at 17:30
3rd period
3. Philadelphia Flyers , Evan Rodrigues 18 (Matt Boldy 12, Carter Verhaeghe 25) at 1:36
4. St.Louis Blues , Alex Tuch 22 (Tage Thompson 23, Jack Eichel 25) at 3:52 (PP)
Penalties :
Alexander Edler (PHI) for Boarding (Minor) at 3:39, Jake Guentzel (STL) for Hooking (Minor) at 10:24, Evgenii Dadonov (PHI) for Hooking (Minor) at 13:11
Overtime #1
5. St.Louis Blues , Alex Tuch 23 (Alex Pietrangelo 36) at 2:25
Penalties :
No Penalty
Goalie Stats
Frederik Andersen (STL), 34 saves from 36 shots - (0.944), W, 25-17-2, 62:25 minutes
Thomas Greiss (PHI), 32 saves from 35 shots - (0.914), OTL, 8-4-2, 62:25 minutes
Players Stats for St.Louis Blues
Player Name G A P +/- PIM S H SB GA TA FO MP PP MP PK MP
------------------------------------------------------------------------------------
Adam Pelech 0 0 0 1 2 0 1 1 0 0 0/0 17:48 0:00 1:15
Alex DeBrincat 0 0 0 -1 0 4 1 1 3 0 1/3 21:14 6:18 0:09
Alex Pietrangelo 0 1 1 0 0 1 1 1 1 1 0/0 27:00 6:21 0:36
Alex Tuch 2 0 2 0 0 4 0 0 1 0 1/1 17:45 4:25 0:00
Andrew Copp 0 1 1 1 0 1 1 0 0 0 2/4 14:36 0:37 2:17
Colton Parayko 0 0 0 0 0 2 2 2 0 1 0/0 25:23 3:48 2:07
Danny DeKeyser 0 0 0 -1 0 0 1 0 0 0 0/0 13:41 0:13 1:30
Elias Pettersson 0 0 0 -1 0 3 2 2 1 0 13/26 22:03 5:07 0:54
Evander Kane 0 1 1 1 0 4 3 1 1 0 1/1 16:01 3:52 0:00
Jack Eichel 1 1 2 1 0 6 2 0 3 0 5/6 14:55 4:25 0:00
Jake Guentzel 0 0 0 -1 2 4 1 0 1 0 0/2 21:03 5:11 0:00
Jonas Brodin 0 0 0 1 0 1 0 1 0 0 0/0 18:57 0:00 2:28
Niko Mikkola 0 0 0 -1 0 0 0 1 0 1 0/0 11:29 0:00 0:00
Ondrej Kase 0 0 0 0 0 2 0 0 0 0 0/0 7:52 0:00 0:47
Robert Thomas 0 0 0 0 0 1 1 0 0 0 6/16 18:41 5:07 0:00
Sean Kuraly 0 0 0 0 0 0 3 0 0 0 2/2 9:26 0:37 0:47
Tage Thompson 0 1 1 -1 0 0 1 0 1 0 0/0 18:12 4:25 0:45
Yanni Gourde 0 0 0 0 0 2 1 0 0 0 0/0 9:34 0:19 2:17
Players Stats for Philadelphia Flyers
Player Name G A P +/- PIM S H SB GA TA FO MP PP MP PK MP
------------------------------------------------------------------------------------
Alexander Barabanov 0 0 0 1 0 4 1 0 0 0 1/1 14:42 0:00 1:37
Alexander Edler 0 0 0 0 2 1 0 1 0 0 0/0 16:29 1:46 3:54
Artem Zub 0 0 0 0 0 0 2 1 0 0 0/0 11:59 0:00 1:02
Ben Chiarot 0 0 0 -1 6 0 1 0 0 0 0/0 22:10 0:00 2:49
Carter Verhaeghe 0 1 1 1 0 2 0 1 0 0 1/2 19:27 2:12 5:07
Elias Lindholm 0 1 1 0 0 2 0 1 1 0 12/19 20:58 2:12 4:05
Evan Rodrigues 1 0 1 1 0 5 3 0 0 1 8/14 15:06 1:46 0:00
Evgenii Dadonov 0 0 0 -1 2 1 1 2 0 1 0/0 13:03 0:00 0:06
Jack McBain 0 0 0 -1 0 0 3 2 0 1 8/19 17:56 0:00 5:07
Justin Faulk 0 0 0 -1 0 2 3 1 0 0 0/0 24:51 2:12 4:35
Marcus Johansson 0 0 0 -1 0 3 0 0 0 0 0/0 14:22 1:46 0:07
Matt Boldy 0 1 1 1 0 4 0 0 0 0 0/2 15:35 1:46 0:10
Matt Roy 0 0 0 1 0 5 1 2 0 2 0/0 24:57 1:46 4:44
Oliver Ekman-Larsson 0 0 0 1 2 1 1 2 0 6 0/0 24:59 2:12 3:08
T.J. Tynan 0 0 0 0 0 1 0 0 0 1 0/3 7:18 0:00 0:00
Tomas Tatar 0 0 0 0 0 2 1 0 0 0 0/0 7:18 0:00 0:00
Tyler Bertuzzi 1 0 1 0 0 2 1 0 1 0 0/1 20:58 2:12 4:05
Tyler Johnson 0 0 0 0 0 1 1 0 1 0 0/0 7:18 0:00 0:00
3 Stars
1 - Alex Tuch (STL)
2 - Jack Eichel (STL)
3 - Frederik Andersen (STL)
Power Play
St.Louis Blues - 1 on 6 Attempt(s) - 16.67%
Philadelphia Flyers - 0 on 2 Attempt(s) - 0.00%
Penalty Kill
St.Louis Blues - 2 on 2 Attempt(s) - 100.00%
- Score 0 goal in Penalty Kill
Philadelphia Flyers - 5 on 6 Attempt(s) - 83.33%
- Score 0 goal in Penalty Kill
Team Stat
St.Louis Blues - Hits : 21 - Faceoff Wins : 31 - Blocked Shots : 10 - Penalty Minutes : 4
Philadelphia Flyers - Hits : 19 - Faceoff Wins : 30 - Blocked Shots : 13 - Penalty Minutes : 12
Official
Referees : Francois StLaurent and Kyle Rehman
Linesman : Matt MacPherson and Lonnie Cameron
Game Notes
No Game Note
Finance
Level 1 -- Attendance: 5498 (91.63%) -- Ticket Income $533,306
Level 2 -- Attendance: 4427 (88.54%) -- Ticket Income $252,339
Level 3 -- Attendance: 2679 (89.30%) -- Ticket Income $91,086
Level 4 -- Attendance: 4734 (94.68%) -- Ticket Income $108,882
Luxury Box -- Attendance: 1000 (100.00%) -- Ticket Income $195,000
Game was played at the Wells Fargo Center.
Total Attendance: 18338 (91.69%)
Total Ticket Income: $1,180,613
Other Income: $413,215
Total Income: $1,593,828
St.Louis Blues
5 vs 5 Forward
Center Left Wing Right Wing Time % Phy DF OF
1 Elias Pettersson Alex DeBrincat Jake Guentzel 40 0 2 3
2 Robert Thomas Alex Tuch Tage Thompson 30 0 2 3
3 Jack Eichel Evander Kane Andrew Copp 20 1 2 2
4 Sean Kuraly Yanni Gourde Ondrej Kase 10 1 3 1
5 vs 5 Defense
Defense Defense Time % Phy DF OF
1 Alex Pietrangelo Colton Parayko 40 1 2 2
2 Adam Pelech Jonas Brodin 30 1 2 2
3 Danny DeKeyser Niko Mikkola 20 1 2 2
4 Alex Pietrangelo Colton Parayko 10 1 2 2
PowerPlay Forward
Center Left Wing Right Wing Time % Phy DF OF
1 Robert Thomas Elias Pettersson Jake Guentzel 60 1 0 4
2 Jack Eichel Alex Tuch Tage Thompson 40 1 0 4
PowerPlay Defense
Defense Defense Time % Phy DF OF
1 Alex DeBrincat Alex Pietrangelo 60 0 1 4
2 Colton Parayko Evander Kane 40 0 1 4
Penalty Kill 4 Players Forward
Center Wing Time % Phy DF OF
1 Andrew Copp Yanni Gourde 60 0 5 0
2 Sean Kuraly Ondrej Kase 40 0 5 0
Penalty Kill 4 Players Defense
Defense Defense Time % Phy DF OF
1 Adam Pelech Jonas Brodin 60 1 4 0
2 Danny DeKeyser Colton Parayko 40 1 4 0
Penalty Kill - 3 Players Forward
Forward Time % Phy DF OF
1 Andrew Copp 60 0 5 0
2 Yanni Gourde 40 0 5 0
Penalty Kill - 3 Players Defense
Defense Defense Time % Phy DF OF
1 Adam Pelech Jonas Brodin 60 0 5 0
2 Danny DeKeyser Colton Parayko 40 0 5 0
4 vs 4 Forward
Center Wing Time % Phy DF OF
1 Elias Pettersson Jake Guentzel 60 0 2 3
2 Robert Thomas Alex Tuch 40 0 2 3
4 vs 4 Defense
Defense Defense Time % Phy DF OF
1 Alex Pietrangelo Colton Parayko 60 0 3 2
2 Jonas Brodin Adam Pelech 40 0 3 2
Last Minutes Offensive
Center Left Wing Right Wing Defense Defense
Robert Thomas Elias Pettersson Jake Guentzel Alex Tuch Alex Pietrangelo
Last Minutes Defensive
Center Left Wing Right Wing Defense Defense
Andrew Copp Sean Kuraly Yanni Gourde Colton Parayko Alex Pietrangelo
Goaltenders
Starting : Frederik Andersen
Backup : Connor Hellebuyck
Extra Forwards
Normal : Tage Thompson, Evander Kane, Sean Kuraly - PP : Alex DeBrincat, Jack Eichel - PK : Tage Thompson
Extra Defensemen
Normal : Jonas Brodin, Colton Parayko, Adam Pelech - PP : Colton Parayko - PK : Colton Parayko, Alex Pietrangelo
Penalty Shots
Tage Thompson, Alex DeBrincat, Elias Pettersson, Alex Tuch, Andrew Copp
Philadelphia Flyers
5 vs 5 Forward
Center Left Wing Right Wing Time % Phy DF OF
1 Elias Lindholm Tyler Bertuzzi Alexander Barabanov 30 1 1 3
2 Evan Rodrigues Matt Boldy Carter Verhaeghe 30 1 3 1
3 Jack McBain Marcus Johansson Evgenii Dadonov 30 1 1 3
4 T.J. Tynan Tomas Tatar Tyler Johnson 10 1 1 3
5 vs 5 Defense
Defense Defense Time % Phy DF OF
1 Justin Faulk Ben Chiarot 40 1 3 1
2 Oliver Ekman-Larsson Matt Roy 40 1 3 1
3 Alexander Edler Artem Zub 20 1 3 1
4 Justin Faulk Ben Chiarot 0 1 3 1
PowerPlay Forward
Center Left Wing Right Wing Time % Phy DF OF
1 Elias Lindholm Tyler Bertuzzi Carter Verhaeghe 55 0 0 5
2 Evan Rodrigues Matt Boldy Marcus Johansson 45 0 0 5
PowerPlay Defense
Defense Defense Time % Phy DF OF
1 Justin Faulk Oliver Ekman-Larsson 55 0 1 4
2 Alexander Edler Matt Roy 45 0 1 4
Penalty Kill 4 Players Forward
Center Wing Time % Phy DF OF
1 Jack McBain Carter Verhaeghe 55 1 3 1
2 Elias Lindholm Tyler Bertuzzi 45 1 3 1
Penalty Kill 4 Players Defense
Defense Defense Time % Phy DF OF
1 Justin Faulk Ben Chiarot 50 1 4 0
2 Oliver Ekman-Larsson Matt Roy 50 1 4 0
Penalty Kill - 3 Players Forward
Forward Time % Phy DF OF
1 Jack McBain 50 0 4 1
2 Elias Lindholm 50 0 4 1
Penalty Kill - 3 Players Defense
Defense Defense Time % Phy DF OF
1 Justin Faulk Ben Chiarot 50 1 4 0
2 Oliver Ekman-Larsson Matt Roy 50 1 4 0
4 vs 4 Forward
Center Wing Time % Phy DF OF
1 Elias Lindholm Tyler Bertuzzi 50 1 1 3
2 Evan Rodrigues Matt Boldy 50 1 1 3
4 vs 4 Defense
Defense Defense Time % Phy DF OF
1 Justin Faulk Ben Chiarot 50 1 2 2
2 Oliver Ekman-Larsson Matt Roy 50 1 2 2
Last Minutes Offensive
Center Left Wing Right Wing Defense Defense
Elias Lindholm Tyler Bertuzzi Matt Boldy Justin Faulk Oliver Ekman-Larsson
Last Minutes Defensive
Center Left Wing Right Wing Defense Defense
Elias Lindholm Jack McBain Tyler Bertuzzi Ben Chiarot Matt Roy
Goaltenders
Starting : Thomas Greiss
Backup : Mackenzie Blackwood
Extra Forwards
Normal : Matt Boldy, Alexander Barabanov, Carter Verhaeghe - PP : Matt Boldy, Alexander Barabanov - PK : Alexander Barabanov
Extra Defensemen
Normal : Justin Faulk, Oliver Ekman-Larsson, Alexander Edler - PP : Justin Faulk - PK : Ben Chiarot, Alexander Edler
Penalty Shots
Tyler Bertuzzi, Elias Lindholm, Matt Boldy, Carter Verhaeghe, Evan Rodrigues
% Time on Ice - St.Louis Blues
Lines # - Real PCT - Wanted PCT - Time Play
Normal Forward
1 - 31% - 40% - 14:17
2 - 31% - 30% - 14:22
3 - 22% - 20% - 10:16
4 - 15% - 10% - 6:58
Normal Defense
1 - 39% - 40% - 17:42
2 - 34% - 30% - 15:47
3 - 25% - 20% - 11:29
4 - 2% - 10% - 0:55
PP Forward
1 - 56% - 60% - 5:44
2 - 44% - 40% - 4:25
PP Defense
1 - 63% - 60% - 6:21
2 - 37% - 40% - 3:48
PK Forward
1 - 80% - 60% - 3:11
2 - 20% - 40% - 0:47
PK Defense
1 - 71% - 60% - 2:48
2 - 29% - 40% - 1:10
PK3 Forward
1 - 0% - 60%
2 - 0% - 40%
PK3 Defense
1 - 0% - 60%
2 - 0% - 40%
44 Forward
1 - 70% - 60% - 1:41
2 - 30% - 40% - 0:44
44 Defense
1 - 59% - 60% - 1:26
2 - 41% - 40% - 0:59
Last Minute Offensive - 0:00
Last Minute Defensive - 0:00
Total
Forward - 62:25
Defense - 62:25
|
% Time on Ice - Philadelphia Flyers
Lines # - Real PCT - Wanted PCT - Time Play
Normal Forward
1 - 28% - 30% - 13:02
2 - 28% - 30% - 12:58
3 - 27% - 30% - 12:35
4 - 16% - 10% - 7:18
Normal Defense
1 - 41% - 40% - 18:42
2 - 39% - 40% - 18:01
3 - 20% - 20% - 9:10
4 - 0% - 0% - 0:00
PP Forward
1 - 55% - 55% - 2:12
2 - 45% - 45% - 1:46
PP Defense
1 - 55% - 55% - 2:12
2 - 45% - 45% - 1:46
PK Forward
1 - 60% - 55% - 6:04
2 - 40% - 45% - 4:05
PK Defense
1 - 53% - 50% - 5:23
2 - 47% - 50% - 4:46
PK3 Forward
1 - 0% - 50%
2 - 0% - 50%
PK3 Defense
1 - 0% - 50%
2 - 0% - 50%
44 Forward
1 - 54% - 50% - 1:19
2 - 46% - 50% - 1:06
44 Defense
1 - 48% - 50% - 1:10
2 - 52% - 50% - 1:15
Last Minute Offensive - 0:00
Last Minute Defensive - 0:00
Total
Forward - 62:25
Defense - 62:25
|
Play-by-Play
1st period
0:01 of 1st period - Elias Pettersson wins face-off versus Elias Lindholm in neutral zone.
0:34 of 1st period - Wrist shot by Matt Boldy.
0:34 of 1st period - Stopped by Frederik Andersen without a rebound.
0:35 of 1st period - Jack Eichel wins face-off versus Jack McBain in St.Louis Blues zone.
0:40 of 1st period - Slapshot by Evander Kane.
0:40 of 1st period - Stopped by Thomas Greiss with a rebound.
1:00 of 1st period - Matt Roy is hit by Yanni Gourde and loses puck.
1:26 of 1st period - Jonas Brodin is hit by Evan Rodrigues.
1:50 of 1st period - Icing by Artem Zub.
1:51 of 1st period - Jack Eichel wins face-off versus Jack McBain in Philadelphia Flyers zone.
1:52 of 1st period - Wrist shot by Evander Kane.
1:52 of 1st period - Stopped by Thomas Greiss without a rebound.
1:53 of 1st period - Andrew Copp wins face-off versus Elias Lindholm in Philadelphia Flyers zone.
1:54 of 1st period - Snap shot by Evander Kane.
1:54 of 1st period - Shot Hit the Post.
2:00 of 1st period - Wrist shot by Evander Kane.
2:00 of 1st period - Shot Misses the Net.
2:02 of 1st period - Wrist shot by Jack Eichel.
2:02 of 1st period - Stopped by Thomas Greiss without a rebound.
2:03 of 1st period - Elias Pettersson wins face-off versus Elias Lindholm in Philadelphia Flyers zone.
2:04 of 1st period - Wrist shot by Jake Guentzel.
2:04 of 1st period - Stopped by Thomas Greiss with a rebound.
2:06 of 1st period - Snap shot by Elias Pettersson.
2:06 of 1st period - Stopped by Thomas Greiss with a rebound.
2:08 of 1st period - Wrist shot by Colton Parayko.
2:08 of 1st period - Deflect By Elias Pettersson.
2:08 of 1st period - Stopped by Thomas Greiss with a rebound.
2:33 of 1st period - Snap shot by Carter Verhaeghe.
2:33 of 1st period - Shot Misses the Net.
3:17 of 1st period - Backhand shot by Alex DeBrincat.
3:17 of 1st period - Stopped by Thomas Greiss with a rebound.
3:19 of 1st period - Wrist shot by Elias Pettersson.
3:19 of 1st period - Deflect By Marcus Johansson.
3:19 of 1st period - Stopped by Thomas Greiss with a rebound.
3:33 of 1st period - Slapshot by Yanni Gourde.
3:33 of 1st period - Shot Misses the Net.
3:56 of 1st period - Double Minor Penalty to Ben Chiarot for Roughing.
3:57 of 1st period - Jack McBain wins face-off versus Robert Thomas in Philadelphia Flyers zone.
4:35 of 1st period - Snap shot by Jack Eichel.
4:35 of 1st period - Shot Blocked by Justin Faulk.
6:04 of 1st period - Icing by Robert Thomas.
6:05 of 1st period - Elias Lindholm wins face-off versus Robert Thomas in St.Louis Blues zone.
7:00 of 1st period - Alexander Barabanov is hit by Colton Parayko.
7:36 of 1st period - Carter Verhaeghe is hit by Sean Kuraly and loses puck.
7:56 of 1st period - Penalty to Ben Chiarot is over, Ben Chiarot is back on ice.
8:11 of 1st period - Snap shot by Tomas Tatar.
8:11 of 1st period - Shot Misses the Net.
8:23 of 1st period - Andrew Copp is hit by Artem Zub and loses puck.
9:03 of 1st period - Icing by Oliver Ekman-Larsson.
9:04 of 1st period - Alex Tuch wins face-off versus T.J. Tynan in Philadelphia Flyers zone.
9:39 of 1st period - Snap shot by Carter Verhaeghe.
9:39 of 1st period - Stopped by Frederik Andersen with a rebound.
10:17 of 1st period - Ondrej Kase is hit by Justin Faulk and loses puck.
10:45 of 1st period - Off-side.
10:46 of 1st period - Elias Pettersson wins face-off versus Jack McBain in neutral zone.
10:57 of 1st period - Slapshot by Alex DeBrincat.
10:57 of 1st period - Stopped by Thomas Greiss with a rebound.
11:11 of 1st period - Alex Tuch is hit by Evan Rodrigues and loses puck.
11:34 of 1st period - Elias Lindholm is hit by Evander Kane.
11:54 of 1st period - Evander Kane is hit by Justin Faulk and loses puck.
12:01 of 1st period - Justin Faulk is hit by Jack Eichel and loses puck.
12:06 of 1st period - Snap shot by Andrew Copp.
12:06 of 1st period - Shot Blocked by Jack McBain.
12:14 of 1st period - Snap shot by Jack Eichel.
12:14 of 1st period - Stopped by Thomas Greiss with a rebound.
12:16 of 1st period - Wrist shot by Jack Eichel.
12:16 of 1st period - Goal by Jack Eichel - St.Louis Blues : 1 - Philadelphia Flyers : 0.
12:17 of 1st period - Alex DeBrincat wins face-off versus Evan Rodrigues in neutral zone.
12:20 of 1st period - Slapshot by Alex Pietrangelo.
12:20 of 1st period - Shot Blocked by Oliver Ekman-Larsson.
12:28 of 1st period - Slapshot by Evan Rodrigues.
12:28 of 1st period - Shot Blocked by Alex Pietrangelo.
12:30 of 1st period - Wrist shot by Matt Boldy.
12:30 of 1st period - Shot Misses the Net.
12:32 of 1st period - Slapshot by Matt Roy.
12:32 of 1st period - Stopped by Frederik Andersen without a rebound.
12:33 of 1st period - Elias Lindholm wins face-off versus Robert Thomas in St.Louis Blues zone.
12:34 of 1st period - Snap shot by Alexander Barabanov.
12:34 of 1st period - Stopped by Frederik Andersen with a rebound.
13:18 of 1st period - Justin Faulk is hit by Alex DeBrincat and loses puck.
13:29 of 1st period - Slapshot by Justin Faulk.
13:29 of 1st period - Stopped by Frederik Andersen without a rebound.
13:30 of 1st period - Jack McBain wins face-off versus Jack Eichel in St.Louis Blues zone.
14:07 of 1st period - Snap shot by Tomas Tatar.
14:07 of 1st period - Stopped by Frederik Andersen without a rebound.
14:08 of 1st period - Evan Rodrigues wins face-off versus Elias Pettersson in St.Louis Blues zone.
14:20 of 1st period - Slapshot by Matt Boldy.
14:20 of 1st period - Stopped by Frederik Andersen without a rebound.
14:21 of 1st period - Elias Lindholm wins face-off versus Elias Pettersson in St.Louis Blues zone.
14:24 of 1st period - Snap shot by Elias Lindholm.
14:24 of 1st period - Stopped by Frederik Andersen with a rebound.
14:26 of 1st period - Slapshot by Oliver Ekman-Larsson.
14:26 of 1st period - Shot Blocked by Alex DeBrincat.
14:28 of 1st period - Snap shot by Alexander Barabanov.
14:28 of 1st period - Stopped by Frederik Andersen with a rebound.
14:30 of 1st period - Slapshot by Matt Roy.
14:30 of 1st period - Stopped by Frederik Andersen without a rebound.
14:31 of 1st period - Elias Lindholm wins face-off versus Jake Guentzel in St.Louis Blues zone.
14:56 of 1st period - Snap shot by Tyler Bertuzzi.
14:56 of 1st period - Stopped by Frederik Andersen without a rebound.
14:57 of 1st period - Jack McBain wins face-off versus Robert Thomas in St.Louis Blues zone.
14:58 of 1st period - Wrist shot by Marcus Johansson.
14:58 of 1st period - Stopped by Frederik Andersen without a rebound.
14:59 of 1st period - Jack McBain wins face-off versus Robert Thomas in St.Louis Blues zone.
15:04 of 1st period - Snap shot by Marcus Johansson.
15:04 of 1st period - Stopped by Frederik Andersen with a rebound.
15:06 of 1st period - Slapshot by Justin Faulk.
15:06 of 1st period - Deflect By Marcus Johansson.
15:06 of 1st period - Shot Misses the Net.
15:06 of 1st period - Puck is out of play.
15:07 of 1st period - Robert Thomas wins face-off versus Jack McBain in St.Louis Blues zone.
15:46 of 1st period - Justin Faulk is hit by Adam Pelech and loses puck.
15:51 of 1st period - Snap shot by Marcus Johansson.
15:51 of 1st period - Shot Misses the Net.
15:53 of 1st period - Wrist shot by Justin Faulk.
15:53 of 1st period - Deflect By Robert Thomas.
15:53 of 1st period - Stopped by Frederik Andersen with a rebound.
15:55 of 1st period - Snap shot by Marcus Johansson.
15:55 of 1st period - Shot Misses the Net.
16:47 of 1st period - Snap shot by Robert Thomas.
16:47 of 1st period - Stopped by Thomas Greiss without a rebound.
16:48 of 1st period - Elias Pettersson wins face-off versus Matt Boldy in Philadelphia Flyers zone.
16:49 of 1st period - Slapshot by Alex DeBrincat.
16:49 of 1st period - Stopped by Thomas Greiss without a rebound.
16:50 of 1st period - Evan Rodrigues wins face-off versus Elias Pettersson in Philadelphia Flyers zone.
17:33 of 1st period - Matt Roy is hit by Andrew Copp and loses puck.
18:00 of 1st period - Snap shot by Elias Lindholm.
18:00 of 1st period - Shot Blocked by Evander Kane.
18:31 of 1st period - Snap shot by Elias Lindholm.
18:31 of 1st period - Shot Hit the Post.
18:33 of 1st period - Snap shot by Elias Lindholm.
18:33 of 1st period - Shot Misses the Net.
18:35 of 1st period - Snap shot by Oliver Ekman-Larsson.
18:35 of 1st period - Shot Misses the Net.
18:37 of 1st period - Slapshot by Elias Lindholm.
18:37 of 1st period - Stopped by Frederik Andersen with a rebound.
18:39 of 1st period - Wrist shot by Elias Lindholm.
18:39 of 1st period - Shot Misses the Net.
18:41 of 1st period - Slapshot by Matt Roy.
18:41 of 1st period - Stopped by Frederik Andersen without a rebound.
18:42 of 1st period - Elias Pettersson wins face-off versus Evan Rodrigues in St.Louis Blues zone.
19:09 of 1st period - Ondrej Kase is hit by Artem Zub and loses puck.
19:14 of 1st period - Snap shot by Tomas Tatar.
19:14 of 1st period - Stopped by Frederik Andersen without a rebound.
19:15 of 1st period - Robert Thomas wins face-off versus Jack McBain in St.Louis Blues zone.
19:26 of 1st period - Snap shot by Alex Tuch.
19:26 of 1st period - Shot Misses the Net.
19:28 of 1st period - Snap shot by Alex Tuch.
19:28 of 1st period - Stopped by Thomas Greiss without a rebound.
19:29 of 1st period - Evan Rodrigues wins face-off versus Elias Pettersson in Philadelphia Flyers zone.
19:54 of 1st period - Icing by Ben Chiarot.
19:55 of 1st period - Evan Rodrigues wins face-off versus Robert Thomas in Philadelphia Flyers zone.
Goals for this period are 1 for St.Louis Blues vs 0 for Philadelphia Flyers.
Shots for this period are 14 for St.Louis Blues vs 17 for Philadelphia Flyers.
2nd period
0:01 of 2nd period - Elias Pettersson wins face-off versus Carter Verhaeghe in neutral zone.
0:11 of 2nd period - Minor Penalty to Oliver Ekman-Larsson for Interference.
0:12 of 2nd period - Jack McBain wins face-off versus Robert Thomas in Philadelphia Flyers zone.
0:41 of 2nd period - Off-side.
0:42 of 2nd period - Jack Eichel wins face-off versus Tyler Bertuzzi in neutral zone.
2:11 of 2nd period - Penalty to Oliver Ekman-Larsson is over, Oliver Ekman-Larsson is back on ice.
4:02 of 2nd period - Colton Parayko is hit by Tyler Johnson and loses puck.
4:53 of 2nd period - Alexander Barabanov is hit by Jack Eichel and loses puck.
6:07 of 2nd period - Evander Kane is hit by Justin Faulk and loses puck.
6:32 of 2nd period - Off-side.
6:33 of 2nd period - Jack McBain wins face-off versus Elias Pettersson in neutral zone.
6:36 of 2nd period - Alex DeBrincat is hit by Jack McBain and loses puck.
6:59 of 2nd period - Justin Faulk is hit by Evander Kane and loses puck.
7:04 of 2nd period - Slapshot by Evander Kane.
7:04 of 2nd period - Shot Blocked by Evgenii Dadonov.
7:06 of 2nd period - Slapshot by Colton Parayko.
7:06 of 2nd period - Stopped by Thomas Greiss with a rebound.
7:19 of 2nd period - Icing by Jack McBain.
7:20 of 2nd period - Elias Lindholm wins face-off versus Robert Thomas in Philadelphia Flyers zone.
7:51 of 2nd period - Snap shot by Evan Rodrigues.
7:51 of 2nd period - Shot Misses the Net.
7:53 of 2nd period - Slapshot by Evan Rodrigues.
7:53 of 2nd period - Shot Misses the Net.
7:55 of 2nd period - Slapshot by Ben Chiarot.
7:55 of 2nd period - Shot Misses the Net.
8:39 of 2nd period - Slapshot by Jack Eichel.
8:39 of 2nd period - Stopped by Thomas Greiss without a rebound.
8:40 of 2nd period - Evan Rodrigues wins face-off versus Robert Thomas in Philadelphia Flyers zone.
9:20 of 2nd period - Slapshot by Evgenii Dadonov.
9:20 of 2nd period - Shot Misses the Net.
9:32 of 2nd period - Alexander Edler is hit by Sean Kuraly and loses puck.
9:37 of 2nd period - Snap shot by Yanni Gourde.
9:37 of 2nd period - Deflect By Ondrej Kase.
9:37 of 2nd period - Shot Blocked by Artem Zub.
9:37 of 2nd period - Puck is out of play.
9:38 of 2nd period - Evan Rodrigues wins face-off versus Elias Pettersson in Philadelphia Flyers zone.
9:46 of 2nd period - Off-side.
9:47 of 2nd period - Elias Pettersson wins face-off versus Matt Boldy in neutral zone.
9:50 of 2nd period - Matt Boldy is hit by Elias Pettersson and loses puck.
10:06 of 2nd period - Snap shot by Evan Rodrigues.
10:06 of 2nd period - Shot Misses the Net.
10:12 of 2nd period - Wrist shot by Matt Boldy.
10:12 of 2nd period - Stopped by Frederik Andersen without a rebound.
10:13 of 2nd period - Elias Lindholm wins face-off versus Robert Thomas in St.Louis Blues zone.
11:07 of 2nd period - Snap shot by Evan Rodrigues.
11:07 of 2nd period - Stopped by Frederik Andersen with a rebound.
11:09 of 2nd period - Slapshot by Artem Zub.
11:09 of 2nd period - Shot Blocked by Adam Pelech.
11:21 of 2nd period - Slapshot by Alexander Edler.
11:21 of 2nd period - Stopped by Frederik Andersen without a rebound.
11:22 of 2nd period - Sean Kuraly wins face-off versus T.J. Tynan in St.Louis Blues zone.
11:22 of 2nd period - Sean Kuraly is hit by Matt Roy.
11:32 of 2nd period - Wrist shot by Yanni Gourde.
11:32 of 2nd period - Stopped by Thomas Greiss with a rebound.
11:34 of 2nd period - Snap shot by Sean Kuraly.
11:34 of 2nd period - Shot Misses the Net.
11:36 of 2nd period - Wrist shot by Ondrej Kase.
11:36 of 2nd period - Stopped by Thomas Greiss without a rebound.
11:37 of 2nd period - Elias Pettersson wins face-off versus Elias Lindholm in Philadelphia Flyers zone.
11:38 of 2nd period - Wrist shot by Alex DeBrincat.
11:38 of 2nd period - Shot Blocked by Elias Lindholm.
11:46 of 2nd period - Wrist shot by Alexander Barabanov.
11:46 of 2nd period - Stopped by Frederik Andersen with a rebound.
11:48 of 2nd period - Slapshot by Matt Roy.
11:48 of 2nd period - Stopped by Frederik Andersen with a rebound.
11:54 of 2nd period - Wrist shot by Alexander Barabanov.
11:54 of 2nd period - Shot Misses the Net.
12:04 of 2nd period - Alex Tuch is hit by Evan Rodrigues and loses puck.
12:30 of 2nd period - Marcus Johansson is hit by Evander Kane and loses puck.
12:43 of 2nd period - Minor Penalty to Ben Chiarot for Hooking.
12:44 of 2nd period - Robert Thomas wins face-off versus Jack McBain in Philadelphia Flyers zone.
12:51 of 2nd period - Wrist shot by Jake Guentzel.
12:51 of 2nd period - Shot Blocked by Alexander Edler.
12:53 of 2nd period - Snap shot by Robert Thomas.
12:53 of 2nd period - Deflect By Jake Guentzel.
12:53 of 2nd period - Stopped by Thomas Greiss with a rebound.
12:55 of 2nd period - Snap shot by Jake Guentzel.
12:55 of 2nd period - Stopped by Thomas Greiss without a rebound.
12:56 of 2nd period - Robert Thomas wins face-off versus Jack McBain in Philadelphia Flyers zone.
14:43 of 2nd period - Penalty to Ben Chiarot is over, Ben Chiarot is back on ice.
14:58 of 2nd period - Wrist shot by Yanni Gourde.
14:58 of 2nd period - Stopped by Thomas Greiss with a rebound.
15:00 of 2nd period - Slapshot by Sean Kuraly.
15:00 of 2nd period - Shot Misses the Net.
15:59 of 2nd period - Icing by Tomas Tatar.
16:00 of 2nd period - Sean Kuraly wins face-off versus T.J. Tynan in Philadelphia Flyers zone.
16:08 of 2nd period - Snap shot by Alex Pietrangelo.
16:08 of 2nd period - Stopped by Thomas Greiss with a rebound.
16:10 of 2nd period - Slapshot by Colton Parayko.
16:10 of 2nd period - Stopped by Thomas Greiss with a rebound.
16:27 of 2nd period - Slapshot by Alexander Edler.
16:27 of 2nd period - Deflect By Tomas Tatar.
16:27 of 2nd period - Shot Misses the Net.
16:27 of 2nd period - Puck is out of play.
16:28 of 2nd period - Elias Lindholm wins face-off versus Elias Pettersson in St.Louis Blues zone.
16:29 of 2nd period - Slapshot by Tyler Bertuzzi.
16:29 of 2nd period - Goal by Tyler Bertuzzi - St.Louis Blues : 1 - Philadelphia Flyers : 1.
16:30 of 2nd period - Alexander Barabanov wins face-off versus Elias Pettersson in neutral zone.
16:57 of 2nd period - Colton Parayko is hit by Jack McBain and loses puck.
17:03 of 2nd period - Off-side.
17:04 of 2nd period - Robert Thomas wins face-off versus Jack McBain in neutral zone.
17:30 of 2nd period - Minor Penalty to Adam Pelech for Holding.
17:31 of 2nd period - Elias Lindholm wins face-off versus Andrew Copp in St.Louis Blues zone.
17:39 of 2nd period - Slapshot by Tyler Bertuzzi.
17:39 of 2nd period - Shot Blocked by Jonas Brodin.
17:41 of 2nd period - Slapshot by Oliver Ekman-Larsson.
17:41 of 2nd period - Shot Blocked by Colton Parayko.
17:43 of 2nd period - Slapshot by Oliver Ekman-Larsson.
17:43 of 2nd period - Stopped by Frederik Andersen without a rebound.
17:44 of 2nd period - Carter Verhaeghe wins face-off versus Andrew Copp in St.Louis Blues zone.
18:11 of 2nd period - Colton Parayko is hit by Oliver Ekman-Larsson and loses puck.
19:30 of 2nd period - Penalty to Adam Pelech is over, Adam Pelech is back on ice.
Goals for this period are 0 for St.Louis Blues vs 1 for Philadelphia Flyers.
Shots for this period are 9 for St.Louis Blues vs 7 for Philadelphia Flyers.
3rd period
0:01 of 3rd period - Elias Lindholm wins face-off versus Elias Pettersson in neutral zone.
0:51 of 3rd period - Snap shot by Tyler Johnson.
0:51 of 3rd period - Shot Misses the Net.
0:53 of 3rd period - Snap shot by Tyler Johnson.
0:53 of 3rd period - Shot Blocked by Colton Parayko.
0:55 of 3rd period - Slapshot by Matt Roy.
0:55 of 3rd period - Stopped by Frederik Andersen with a rebound.
0:57 of 3rd period - Slapshot by T.J. Tynan.
0:57 of 3rd period - Deflect By Tyler Johnson.
0:57 of 3rd period - Stopped by Frederik Andersen without a rebound.
0:58 of 3rd period - Elias Lindholm wins face-off versus Elias Pettersson in St.Louis Blues zone.
1:34 of 3rd period - Snap shot by Matt Boldy.
1:34 of 3rd period - Stopped by Frederik Andersen with a rebound.
1:36 of 3rd period - Wrist shot by Evan Rodrigues.
1:36 of 3rd period - Goal by Evan Rodrigues - St.Louis Blues : 1 - Philadelphia Flyers : 2.
1:37 of 3rd period - Elias Lindholm wins face-off versus Alex DeBrincat in neutral zone.
1:40 of 3rd period - Jake Guentzel is hit by Ben Chiarot and loses puck.
1:49 of 3rd period - Justin Faulk is hit by Jake Guentzel and loses puck.
2:10 of 3rd period - Wrist shot by Evan Rodrigues.
2:10 of 3rd period - Stopped by Frederik Andersen with a rebound.
2:12 of 3rd period - Wrist shot by Carter Verhaeghe.
2:12 of 3rd period - Shot Misses the Net.
2:14 of 3rd period - Snap shot by Matt Boldy.
2:14 of 3rd period - Shot Misses the Net.
2:49 of 3rd period - Danny DeKeyser is hit by Tomas Tatar and loses puck.
3:04 of 3rd period - Slapshot by Jake Guentzel.
3:04 of 3rd period - Shot Misses the Net.
3:06 of 3rd period - Snap shot by Alex DeBrincat.
3:06 of 3rd period - Stopped by Thomas Greiss without a rebound.
3:07 of 3rd period - Elias Lindholm wins face-off versus Elias Pettersson in Philadelphia Flyers zone.
3:39 of 3rd period - Minor Penalty to Alexander Edler for Boarding.
3:40 of 3rd period - Jack Eichel wins face-off versus Jack McBain in Philadelphia Flyers zone.
3:40 of 3rd period - Snap shot by Alex Tuch.
3:40 of 3rd period - Shot Misses the Net.
3:42 of 3rd period - Wrist shot by Alex Pietrangelo.
3:42 of 3rd period - Shot Misses the Net.
3:44 of 3rd period - Wrist shot by Alex Pietrangelo.
3:44 of 3rd period - Shot Blocked by Jack McBain.
3:50 of 3rd period - Wrist shot by Alex Tuch.
3:50 of 3rd period - Stopped by Thomas Greiss with a rebound.
3:52 of 3rd period - Slapshot by Tage Thompson.
3:52 of 3rd period - Deflect By Alex Tuch.
3:52 of 3rd period - Goal by Alex Tuch - St.Louis Blues : 2 - Philadelphia Flyers : 2.
3:53 of 3rd period - Evan Rodrigues wins face-off versus Alex DeBrincat in neutral zone.
4:19 of 3rd period - Tage Thompson is hit by Evgenii Dadonov and loses puck.
4:46 of 3rd period - Icing by Jonas Brodin.
4:47 of 3rd period - Evander Kane wins face-off versus Evan Rodrigues in St.Louis Blues zone.
4:58 of 3rd period - Snap shot by Jack Eichel.
4:58 of 3rd period - Stopped by Thomas Greiss with a rebound.
5:00 of 3rd period - Slapshot by Evander Kane.
5:00 of 3rd period - Stopped by Thomas Greiss with a rebound.
5:02 of 3rd period - Snap shot by Andrew Copp.
5:02 of 3rd period - Stopped by Thomas Greiss with a rebound.
5:04 of 3rd period - Wrist shot by Evander Kane.
5:04 of 3rd period - Shot Blocked by Oliver Ekman-Larsson.
5:06 of 3rd period - Slapshot by Jonas Brodin.
5:06 of 3rd period - Deflect By Oliver Ekman-Larsson.
5:06 of 3rd period - Stopped by Thomas Greiss with a rebound.
5:08 of 3rd period - Slapshot by Jonas Brodin.
5:08 of 3rd period - Shot Misses the Net.
5:28 of 3rd period - Wrist shot by Evander Kane.
5:28 of 3rd period - Shot Blocked by Carter Verhaeghe.
5:30 of 3rd period - Snap shot by Evander Kane.
5:30 of 3rd period - Deflect By Matt Roy.
5:30 of 3rd period - Stopped by Thomas Greiss with a rebound.
5:32 of 3rd period - Slapshot by Adam Pelech.
5:32 of 3rd period - Shot Blocked by Matt Roy.
5:34 of 3rd period - Wrist shot by Jack Eichel.
5:34 of 3rd period - Stopped by Thomas Greiss without a rebound.
5:35 of 3rd period - Jack McBain wins face-off versus Jake Guentzel in Philadelphia Flyers zone.
5:42 of 3rd period - Snap shot by Elias Pettersson.
5:42 of 3rd period - Shot Misses the Net.
5:48 of 3rd period - Wrist shot by Jake Guentzel.
5:48 of 3rd period - Stopped by Thomas Greiss with a rebound.
5:50 of 3rd period - Snap shot by Jake Guentzel.
5:50 of 3rd period - Shot Blocked by Evgenii Dadonov.
6:02 of 3rd period - Colton Parayko is hit by Tyler Bertuzzi and loses puck.
6:49 of 3rd period - Snap shot by Jake Guentzel.
6:49 of 3rd period - Deflect By Elias Pettersson.
6:49 of 3rd period - Shot Misses the Net.
6:49 of 3rd period - Puck is out of play.
6:50 of 3rd period - Jack McBain wins face-off versus Elias Pettersson in Philadelphia Flyers zone.
7:19 of 3rd period - Slapshot by Alexander Barabanov.
7:19 of 3rd period - Stopped by Frederik Andersen with a rebound.
7:27 of 3rd period - Snap shot by Robert Thomas.
7:27 of 3rd period - Shot Misses the Net.
7:29 of 3rd period - Wrist shot by Tage Thompson.
7:29 of 3rd period - Shot Blocked by Matt Roy.
8:11 of 3rd period - Slapshot by T.J. Tynan.
8:11 of 3rd period - Stopped by Frederik Andersen with a rebound.
9:06 of 3rd period - Off-side.
9:07 of 3rd period - Jack Eichel wins face-off versus Evan Rodrigues in neutral zone.
9:18 of 3rd period - Snap shot by Carter Verhaeghe.
9:18 of 3rd period - Stopped by Frederik Andersen without a rebound.
9:19 of 3rd period - Elias Pettersson wins face-off versus Elias Lindholm in St.Louis Blues zone.
9:19 of 3rd period - Elias Pettersson is hit by Alexander Barabanov.
9:33 of 3rd period - Snap shot by Elias Lindholm.
9:33 of 3rd period - Shot Misses the Net.
9:55 of 3rd period - Snap shot by Marcus Johansson.
9:55 of 3rd period - Stopped by Frederik Andersen without a rebound.
9:56 of 3rd period - Evan Rodrigues wins face-off versus Elias Pettersson in St.Louis Blues zone.
9:57 of 3rd period - Snap shot by Matt Boldy.
9:57 of 3rd period - Deflect By Evan Rodrigues.
9:57 of 3rd period - Stopped by Frederik Andersen with a rebound.
9:59 of 3rd period - Wrist shot by Evan Rodrigues.
9:59 of 3rd period - Shot Blocked by Niko Mikkola.
10:01 of 3rd period - Snap shot by Justin Faulk.
10:01 of 3rd period - Deflect By Evan Rodrigues.
10:01 of 3rd period - Shot Blocked by Elias Pettersson.
10:01 of 3rd period - Puck is out of play.
10:02 of 3rd period - Elias Pettersson wins face-off versus Evan Rodrigues in St.Louis Blues zone.
10:24 of 3rd period - Minor Penalty to Jake Guentzel for Hooking.
10:25 of 3rd period - Andrew Copp wins face-off versus Elias Lindholm in St.Louis Blues zone.
12:24 of 3rd period - Penalty to Jake Guentzel is over, Jake Guentzel is back on ice.
12:51 of 3rd period - Artem Zub is hit by Tage Thompson and loses puck.
13:11 of 3rd period - Minor Penalty to Evgenii Dadonov for Hooking.
13:12 of 3rd period - Robert Thomas wins face-off versus Jack McBain in Philadelphia Flyers zone.
15:11 of 3rd period - Penalty to Evgenii Dadonov is over, Evgenii Dadonov is back on ice.
15:20 of 3rd period - Alexander Edler is hit by Sean Kuraly and loses puck.
17:29 of 3rd period - Slapshot by Evgenii Dadonov.
17:29 of 3rd period - Stopped by Frederik Andersen without a rebound.
17:30 of 3rd period - Elias Pettersson wins face-off versus Jack McBain in St.Louis Blues zone.
17:35 of 3rd period - Alexander Edler is hit by Danny DeKeyser and loses puck.
17:44 of 3rd period - Jake Guentzel is hit by Jack McBain and loses puck.
18:07 of 3rd period - Snap shot by Ondrej Kase.
18:07 of 3rd period - Stopped by Thomas Greiss with a rebound.
18:27 of 3rd period - Wrist shot by Robert Thomas.
18:27 of 3rd period - Shot Misses the Net.
19:10 of 3rd period - Alexander Barabanov is hit by Elias Pettersson and loses puck.
19:35 of 3rd period - Elias Lindholm is hit by Robert Thomas and loses puck.
Goals for this period are 1 for St.Louis Blues vs 1 for Philadelphia Flyers.
Shots for this period are 11 for St.Louis Blues vs 11 for Philadelphia Flyers.
Overtime #1
0:01 of 1st overtime period - Elias Pettersson wins face-off versus Elias Lindholm in neutral zone.
0:16 of 1st overtime period - Slapshot by Tyler Bertuzzi.
0:16 of 1st overtime period - Shot Blocked by Elias Pettersson.
0:56 of 1st overtime period - Wrist shot by Alex Tuch.
0:56 of 1st overtime period - Shot Misses the Net.
0:58 of 1st overtime period - Slapshot by Adam Pelech.
0:58 of 1st overtime period - Deflect By Alex Tuch.
0:58 of 1st overtime period - Shot Misses the Net.
0:58 of 1st overtime period - Puck is out of play.
0:59 of 1st overtime period - Elias Pettersson wins face-off versus Evan Rodrigues in Philadelphia Flyers zone.
1:12 of 1st overtime period - Snap shot by Evan Rodrigues.
1:12 of 1st overtime period - Stopped by Frederik Andersen with a rebound.
2:03 of 1st overtime period - Tyler Bertuzzi is hit by Colton Parayko and loses puck.
2:20 of 1st overtime period - Justin Faulk is hit by Alex Pietrangelo and loses puck.
2:25 of 1st overtime period - Snap shot by Alex Tuch.
2:25 of 1st overtime period - Goal by Alex Tuch - St.Louis Blues : 3 - Philadelphia Flyers : 2.
Goals for this period are 1 for St.Louis Blues vs 0 for Philadelphia Flyers.
Shots for this period are 1 for St.Louis Blues vs 1 for Philadelphia Flyers.
Back to the Top